 Dungeon Crawl Stone Soup version 0.20.0-15-g7f486f2 (webtiles) character file.

400528 Peloso the Minotaur Barricade (level 22, -21/211 HPs)
             Began as a Minotaur Fighter on June 24, 2017.
             Was the Champion of Okawaru.
             Killed from afar by a deep elf annihilator (57 damage)
             ... with a crystal spear
             ... on level 3 of the Elven Halls.
             The game lasted 03:00:39 (50042 turns).

Peloso the Minotaur Barricade (Minotaur Fighter)   Turns: 50042, Time: 03:00:39

Health: -21/211    AC: 47    Str: 34    XL:     22   Next: 27%
Magic:  24/24      EV: 10    Int:  9    God:    Okawaru [******]
Gold:   2299       SH: 22    Dex: 14    Spells: 21/21 levels left

rFire    + + .     SeeInvis +   D - +5 scimitar of Fortitude {slice, Str+5}
rCold    + + .     Gourm    .   I - +2 shield {AC+3}
rNeg     . . .     Faith    +   y - +8 orange crystal plate armour {Archmagi, Int+3 Clar}
rPois    .         Spirit   .   h - +2 hat {SInv}
rElec    .         Reflect  .   U - scarf {rC+ rF+}
rCorr    +         Harm     .   V - +3 pair of gauntlets of War {Slay+5}
MR       ++++.     Clarity  +   F - +0 pair of boots of Foiluif {rCorr Slay+3}
Stlth    ..........             u - amulet of faith
Regen    0.5/turn               N - ring of Voviam {*Drain +Blink rC+ MR+++}
MPRegen  0.2/turn               c - ring of the Octopus King {rF+ AC+1 EV+1 Str+1 Int+1 Dex+1}

@: no status effects
A: retaliatory headbutt, horns 2
}: 2/15 runes: barnacled, gossamer
a: Heroism, Finesse, Renounce Religion, Evoke Blink


You were on level 3 of the Elven Halls.
You worshipped Okawaru.
Okawaru was exalted by your worship.
You were very hungry.

You visited 8 branches of the dungeon, and saw 38 of its levels.
You also visited: Wizlab and Desolation.

You collected 3843 gold pieces.
You spent 1544 gold pieces at shops.

Inventory:

Hand Weapons
 D - the +5 scimitar of Fortitude (weapon) {slice, Str+5}
   (Okawaru gifted it to you on level 3 of the Spider Nest)

   It inflicts extra damage upon your enemies.
   It affects your strength (+5).
 Y - the +1 long sword "Arcanum" {flame, rElec SInv}
   (You found it on level 2 of the Lair of Beasts)

   It has been specially enchanted to burn those struck by it, causing extra
   injury to most foes and up to half again as much damage against particularly
   susceptible opponents.
   Big, fiery blades are also staple armaments of hydra-hunters.
   It insulates you from electricity.
   It lets you see invisible.
Armour
 h - a +2 hat of see invisible (worn)
 y - the +8 orange crystal plate armour (worn) {Archmagi, Int+3 Clar}
   (You found it on level 6 of the Dungeon)

   It affects your intelligence (+3).
   It protects you against confusion.
 F - the +0 pair of boots of Foiluif (worn) {rCorr Slay+3}
   (Okawaru gifted it to you on level 4 of the Shoals)

   It affects your accuracy and damage with ranged weapons and melee attacks
   (+3).
   It protects you from acid and corrosion.
 I - a +2 shield of protection (worn)
 R - a +1 hat of intelligence
 U - a scarf of resistance (worn)
 V - the +3 pair of gauntlets of War (worn) {Slay+5}
   (You found it on level 4 of the Shoals)

   It affects your accuracy and damage with ranged weapons and melee attacks
   (+5).
Jewellery
 c - a ring of the Octopus King (right hand) {rF+ AC+1 EV+1 Str+1 Int+1 Dex+1}
   (You took it off a spriggan on level 3 of the Lair of Beasts)

   [ring of protection from fire]

   It affects your AC (+1).
   It affects your evasion (+1).
   It affects your strength (+1).
   It affects your intelligence (+1).
   It affects your dexterity (+1).
   It protects you from fire.
 u - an amulet of faith (around neck)
 G - the ring "Ekhul" {Wiz +Fly Str+3}
   (You found it on level 1 of the Elven Halls)

   [ring of wizardry]

   It improves your spell success rate.
   It affects your strength (+3).
   It lets you fly.
 N - the ring of Voviam (left hand) {*Drain +Blink rC+ MR+++}
   (You took it off a servant of whispers in the Desolation of Salt)

   [ring of protection from cold]

   It protects you from cold.
   It affects your resistance to hostile enchantments.
   It lets you blink.
   It causes draining when unequipped.
 P - an uncursed ring of poison resistance
Wands
 a - a wand of iceblast (3/15)
 k - a wand of acid (5/15)
 x - a wand of confusion (43/48)
 z - a wand of flame (14/48)
 X - a wand of digging (14/24)
Scrolls
 b - 16 scrolls of remove curse
 e - 4 scrolls of identify
 i - 7 scrolls of recharging
 o - 3 scrolls of magic mapping
 q - a scroll of enchant weapon
 s - 4 scrolls of blinking
 B - 8 scrolls of fear
 K - 11 scrolls of teleportation
 M - 2 scrolls of summoning
Potions
 d - 6 potions of might
 j - 6 potions of flight
 l - 5 potions of agility
 n - 2 potions of berserk rage
 p - 4 potions of invisibility
 r - 5 potions of heal wounds
 w - 6 potions of curing
 H - 3 potions of haste
 W - a potion of resistance
Miscellaneous
 v - a phial of floods
Comestibles
 f - 25 bread rations
 g - 27 meat rations
 m - 24 fruits
 t - 27 royal jellies


   Skills:
 + Level 20.9 Fighting
 + Level 21.6 Long Blades
 + Level 19.3 Armour
 + Level 2.2 Dodging
 + Level 4.9 Stealth
 O Level 27 Shields
 + Level 4.4 Invocations
 + Level 1.5 Evocations


You had 21 spell levels left.
You didn't know any spells.

Dungeon Overview and Level Annotations

Branches:
Dungeon (15/15)            Temple (1/1) D:4            Lair (6/6) D:11
 Shoals (4/4) Lair:3       Spider (4/4) Lair:2        Slime (0/5) Lair:5
    Orc (2/2) D:10            Elf (3/3) Orc:2        Vaults (3/5) D:14
  Crypt (0/3) Vaults:3     Depths (0/5) D:15

Altars:
Ashenzari
Cheibriados
Dithmenos
Elyvilon
Fedhas
Gozag
Hepliaklqana
Kikubaaqudgha
Makhleb
Nemelex Xobeh
Okawaru
Qazlal
Ru
Sif Muna
Trog
Uskayaw
Vehumet
Xom
Yredelemnul
Zin
The Shining One
Jiyva

Shops:
Orc:2 [::*   Elf:1 %   Elf:2 [*%:%


Innate Abilities, Weirdness & Mutations

You reflexively headbutt those who attack you in melee.
You have a pair of horns on your head.


Message History

You feel sick.
The deep elf knight hits you but does no damage.
Unknown command.
You slice the deep elf knight!!
The deep elf knight is heavily wounded.
You feel sick. You block the deep elf knight's attack.
The deep elf annihilator casts a spell at you.
The poison arrow hits you!
You are more poisoned.
* * * LOW HITPOINT WARNING * * *
You cut the deep elf knight into ribbons!!!
You kill the deep elf knight!
Okawaru accepts your kill.
* * * LOW HITPOINT WARNING * * *
You feel sick.
Unknown command.
You feel better.
The deep elf annihilator casts a spell at you.
The crystal spear hits you!
You die...

.....##.####..#...#...#....#..##.
.###...........##.....#....#.....
#...###..##..#...##....#..#....##
..### #..##..##...)##..#..#..##..
..# #..##''.e......#..#.)##...#
.## #..#.......##..#..#.....###
.# #..#.....##..#..#..##...### ##
#..#...##....#..#....##....
*..+..#e..@)#....#.....##..
*,,#.....#.)#..#.#..#+...##
*,,###++##.#...#..#........
*,,***,.#..#.#.##........##
*,,.......#..#.####.......#
*,,............)..#.......#
*,,####........)..'.......# *,,*
#..####.............. **** ###*
#.e....########


You could see a deep elf annihilator.

Vanquished Creatures
  An ancient lich (WizLab)
  Sojobo (Vaults:2)
  Frederick (Vaults:2)
  Arachne (Spider:2)
  Jorgrun (Elf:2)
  Rupert (Lair:5)
  The ghost of Xenophilius the Sharpshooter, an adept FoFi of Okawaru (Shoals:3)
  A large abomination (Vaults:3)
  2 sphinxes (Vaults:2)
  A kraken (Shoals:4)
  Polyphemus (Shoals:2)
  Gastronok (Lair:2)
  Ilsuiw (Shoals:4)
  An ancient champion (WizLab)
  Kirke (Elf:1)
  Donald (Vaults:1)
  Agnes (Spider:1)
  Roxanne (Elf:2)
  4 tengu reavers
  Aizul (Vaults:2)
  8 vault wardens
  3 ghost moths
  3 emperor scorpions
  13 ironheart preservers
  2 deep elf elementalists
  5 entropy weavers
  The ghost of RaHiT the Transmogrifier, a journeyman MfTm of Uskayaw (Orc:2)
  A stone giant (Vaults:2)
  Nessos (Lair:4)
  2 deep elf annihilators (Elf:3)
  A deep elf demonologist (Vaults:2)
  A dire elephant (Lair:4)
  A halazid warlock (Desolation)
  2 spark wasps (Spider:4)
  Azrael (Spider:2)
  2 deep elf death magi
  11 merfolk impalers
  7 merfolk javelineers
  5 crystal guardians (Desolation)
  Snorg (D:10)
  6 ragged hierophants (Desolation)
  5 fire dragons
  The ghost of baghtru the Cleaver, a journeyman HOFi of the Shining One (Lair:4)
  3 great orbs of eyes
  2 deep elf high priests
  5 yaktaur captains
  Fannar (Lair:2)
  2 vault guards (D:14)
  2 ice dragons
  2 rakshasas
  10 hydras
  Erolcha (D:12)
  6 servants of whispers (Desolation)
  4 merfolk avatars
  9 peacekeepers (Desolation)
  A catoblepas (Shoals:2)
  3 merfolk aquamancers (Shoals:4)
  10 centaur warriors
  5 death yaks
  3 death knights
  2 satyrs (Shoals:4)
  2 deep troll shamans (Vaults:1)
  32 dancing weapons
  40 two-headed ogres
  A two-headed ogre (shapeshifter) (D:15)
  2 tengu warriors (D:14)
  11 ogre magi
  A deep troll earth mage (Vaults:3)
  An orc high priest (D:10)
  6 spriggan berserkers (Elf:1)
  28 deep elf knights
  2 shadow wraiths (Vaults:3)
  15 skeletal warriors
  17 sea snakes
  3 unseen horrors
  2 glowing orange brains
  4 deep trolls
  A glowing orange brain (shapeshifter) (Vaults:2)
  A swamp dragon (Lair:6)
  A swamp dragon (shapeshifter) (D:13)
  8 wizards
  16 deep elf archers
  18 harpies
  2 necromancers (Vaults:3)
  15 orb spiders
  14 orc knights
  A phantasmal warrior (Vaults:3)
  7 ironbrand convokers
  2 orc sorcerers
  9 cyclopes
  32 ugly things
  59 deep elf magi
  18 manticores
  3 moths of wrath
  28 wolf spiders
  23 elephants
  10 fauns
  A salamander (shapeshifter) (Vaults:2)
  An ice statue (Lair:5)
  2 guardian serpents
  A black mamba (shapeshifter) (D:10)
  3 black mambas
  11 merfolk sirens
  5 torpor snails
  7 vault sentinels
  5 water nymphs (Shoals:4)
  6 spiny frogs
  6 rime drakes
  An ice devil (Lair:5)
  42 yaktaurs
  A kobold demonologist (Orc:1)
  An efreet (D:14)
  5 freezing wraiths
  12 komodo dragons
  19 demonic crawlers
  A tengu conjurer (D:14)
  33 merfolk
  A meliai (shapeshifter) (Vaults:2)
  10 polar bears
  A queen bee (shapeshifter) (Elf:3)
  9 hornets
  39 jumping spiders
  Prince Ribbit (D:5)
  13 trolls
  10 wind drakes
  A troll (shapeshifter) (D:15)
  3 raiju (Lair:6)
  9 hippogriffs
  50 saltlings
  A hornet (shapeshifter) (D:15)
  10 dream sheep
  30 slime creatures
  9 blink frogs
  8 snapping turtles
  2 shadows
  3 wyverns
  4 vampires
  103 redbacks
  A redback (shapeshifter) (Vaults:2)
  2 spriggans
  A tarantella (shapeshifter) (Vaults:1)
  4 basilisks
  29 yaks
  9 water elementals
  5 wraiths
  7 fire elementals
  A yak (shapeshifter) (D:15)
  35 tarantellas
  A hog (Elf:1)
  19 humans (D:14)
  8 vampire mosquitoes
  A hungry ghost (D:9)
  3 two-headed ogre zombies (WizLab)
  An acid dragon (Lair:6)
  14 wargs
  8 water moccasins
  14 hell hounds
  7 porcupines
  3 swamp drakes (Lair:6)
  38 orc warriors
  4 sky beasts
  13 black bears
  A necrophage (D:7)
  44 ogres
  A boggart (Vaults:1)
  14 ice beasts
  34 centaurs
  4 eyes of draining
  13 wolves (Lair:6)
  13 crocodiles
  16 big kobolds
  14 bullfrogs
  An earth elemental (Elf:2)
  A gnoll sergeant (D:9)
  A scorpion (D:10)
  7 troll zombies (WizLab)
  An elf simulacrum (Vaults:3)
  6 killer bees (D:10)
  13 wights
  4 electric eels
  5 crimson imps
  A howler monkey (D:9)
  A bullfrog zombie (D:6)
  4 centaur zombies
  3 jellies
  8 bullfrog skeletons
  2 hounds
  15 orc priests
  7 centaur skeletons
  14 iguanas
  15 orc wizards
  11 worker ants
  A killer bee zombie (D:8)
  4 ogre zombies (WizLab)
  A hound zombie (D:8)
  A howler monkey zombie (D:8)
  8 gnolls
  10 adders
  4 shadow imps
  A white imp (Lair:5)
  2 oozes
  An adder zombie (D:10)
  2 adder skeletons (D:4)
  3 worms
  4 dart slugs
  5 leopard geckos
  68 orcs
  11 giant cockroaches
  4 goblins
  9 hobgoblins
  2 jackals (D:3)
  16 kobolds
  A quokka (D:3)
  A ball python (D:2)
  8 bats
  7 frilled lizards
  A jackal skeleton (D:6)
  A jackal zombie (D:9)
  4 rats (D:2)
  3 plants
  A tentacle (Shoals:4)
1779 creatures vanquished.

Vanquished Creatures (collateral kills)
  An orc (D:6)
1 creature vanquished.

Vanquished Creatures (others)
  A wolf spider (Spider:4)
  A deep elf mage (Elf:2)
  A redback (Spider:3)
  A tarantella (Spider:1)
  5 humans (Elf:1)
  An electric eel (Elf:1)
  An orc wizard (Orc:2)
  An iguana (Lair:6)
  33 fungi
  30 plants
  7 tentacles (Shoals:4)
82 creatures vanquished.

Grand Total: 1862 creatures vanquished

Notes
Turn   | Place    | Note
-------+----------+-------------------------------------------
     0 | D:1      | Peloso the Minotaur Fighter began the quest for the Orb.
     0 | D:1      | Reached XP level 1. HP: 19/19 MP: 0/0
    54 | D:1      | Found a shattered altar of Ashenzari.
   215 | D:1      | Reached XP level 2. HP: 26/27 MP: 1/1
  1011 | D:2      | Reached XP level 3. HP: 33/33 MP: 2/2
  1043 | D:2      | Found a glowing golden altar of the Shining One.
  1045 | D:2      | Found a snail-covered altar of Cheibriados.
  1073 | D:2      | Found a white marble altar of Elyvilon.
  1396 | D:2      | Reached skill level 4 in Shields
  1530 | D:3      | Reached XP level 4. HP: 25/40 MP: 3/3
  1913 | D:4      | Reached XP level 5. HP: 47/47 MP: 4/4
  1957 | D:4      | Reached skill level 5 in Armour
  2169 | D:4      | Noticed an ogre
  2175 | D:4      | Killed an ogre
  2175 | D:4      | Reached skill level 5 in Long Blades
  2175 | D:4      | Reached XP level 6. HP: 39/53 MP: 5/5
  2486 | D:4      | Found a staircase to the Ecumenical Temple.
  2565 | Temple   | Entered the Ecumenical Temple
  2887 | D:5      | Entered Level 5 of the Dungeon
  3198 | D:5      | Reached skill level 5 in Shields
  3464 | D:5      | Reached XP level 7. HP: 60/60 MP: 6/6
  3767 | D:5      | Reached skill level 1 in Dodging
  3795 | D:5      | Found a sacrificial altar of Ru.
  3878 | D:5      | Reached skill level 5 in Fighting
  4012 | D:5      | Reached skill level 6 in Shields
  4016 | D:5      | Noticed Prince Ribbit
  4034 | D:5      | Killed Prince Ribbit
  4034 | D:5      | Reached XP level 8. HP: 21/69 MP: 7/7
  4792 | D:6      | Found an iron altar of Okawaru.
  4910 | D:6      | Reached skill level 1 in Stealth
  5708 | D:7      | Reached skill level 7 in Shields
  5727 | D:6      | Became a worshipper of Warmaster Okawaru
  5842 | D:7      | Reached XP level 9. HP: 75/75 MP: 8/8
  5932 | D:7      | Found a bloodstained altar of Trog.
  6016 | D:7      | Found a deep blue altar of Sif Muna.
  6038 | D:7      | Reached * piety under Okawaru
  6175 | D:7      | Found a white marble altar of Elyvilon.
  6463 | D:8      | Reached skill level 10 in Long Blades
  6609 | D:8      | Reached ** piety under Okawaru
  6609 | D:8      | Reached skill level 8 in Shields
  6636 | D:8      | Found an ancient bone altar of Kikubaaqudgha.
  6690 | D:8      | Found a shimmering altar of Xom.
  6692 | D:8      | Noticed an angel
  6932 | D:8      | Found a glowing silver altar of Zin.
  6949 | D:8      | Found a stormy altar of Qazlal.
  7331 | D:9      | Paralysed by fainting for 6 turns
  7543 | D:9      | Reached XP level 10. HP: 63/86 MP: 9/9
  7586 | D:9      | Reached *** piety under Okawaru
  7674 | D:9      | Found a hazy altar of Hepliaklqana.
  7786 | D:9      | Reached skill level 9 in Shields
  8342 | D:10     | Entered Level 10 of the Dungeon
  8351 | D:10     | Reached **** piety under Okawaru
  8512 | D:10     | Found a staircase to the Orcish Mines.
  8959 | D:10     | Reached skill level 10 in Shields
  9025 | D:10     | Reached ***** piety under Okawaru
  9147 | D:10     | Noticed a black mamba
  9147 | D:10     | a yak changed into a black mamba
  9150 | D:10     | Killed a black mamba
  9301 | D:11     | Reached XP level 11. HP: 94/94 MP: 10/10
  9525 | D:11     | Found a staircase to the Lair.
  9536 | D:11     | Reached skill level 10 in Armour
  9820 | D:11     | Received a gift from Okawaru
  9909 | D:11     | Identified the Reference Book on Shifting Cold
 10141 | D:12     | Noticed a death knight
 10185 | D:12     | Killed a death knight
 10351 | D:12     | Noticed Erolcha
 10366 | D:12     | Killed Erolcha
 10377 | D:12     | Reached skill level 11 in Shields
 10382 | D:12     | Received a gift from Okawaru
 10888 | D:13     | Found an opulent altar of Gozag.
 10949 | D:13     | Noticed a deep elf mage
 11076 | D:13     | Noticed a two-headed ogre
 11192 | D:12     | Killed a two-headed ogre
 11432 | D:13     | Noticed a swamp dragon
 11432 | D:13     | a guardian serpent changed into a swamp dragon
 11454 | D:13     | Killed a swamp dragon
 11911 | Lair:1   | Entered Level 1 of the Lair of Beasts
 11993 | Lair:1   | Noticed an eight-headed hydra
 12013 | Lair:1   | Killed a 20-headed hydra
 12309 | Lair:1   | Reached XP level 12. HP: 105/105 MP: 11/11
 12474 | Lair:1   | Reached skill level 12 in Shields
 12474 | Lair:1   | Reached skill level 1 in Invocations
 12776 | Lair:1   | Reached ****** piety under Okawaru
 12903 | Lair:2   | Noticed Gastronok
 12947 | Lair:2   | Killed Gastronok
 12947 | Lair:2   | Received a gift from Okawaru
 12980 | Lair:2   | Found a hole to the Spider Nest.
 13077 | Lair:2   | Noticed a six-headed hydra
 13084 | Lair:2   | Killed a nine-headed hydra
 13104 | Lair:2   | Noticed Fannar
 13134 | Lair:2   | Killed Fannar
 13134 | Lair:2   | Reached skill level 10 in Fighting
 13334 | Lair:2   | Noticed a five-headed hydra
 13345 | Lair:2   | Killed an 11-headed hydra
 13373 | Lair:2   | Got a steaming long sword
 13375 | Lair:2   | Identified the +1 long sword "Arcanum" {flame, rElec SInv} (You found it on level 2 of the Lair of Beasts)
 13505 | Lair:2   | Reached skill level 13 in Shields
 14500 | Lair:3   | Received a gift from Okawaru
 14550 | Lair:3   | Found a staircase to the Shoals.
 14936 | Lair:4   | Noticed Nessos
 15230 | Lair:4   | Noticed a four-headed hydra
 15254 | Lair:3   | Killed a one-headed hydra
 15254 | Lair:3   | Reached XP level 13. HP: 44/114 MP: 14/14
 15613 | Lair:3   | Received a gift from Okawaru
 15668 | Lair:4   | Killed Nessos
 15674 | Lair:4   | Reached skill level 15 in Long Blades
 15739 | Lair:3   | Got a ring of the Octopus King
 15755 | Lair:4   | Reached skill level 14 in Shields
 16299 | Lair:4   | Noticed a dire elephant
 16321 | Lair:4   | Killed a dire elephant
 16366 | Lair:4   | Noticed baghtru's ghost (journeyman HOFi)
 16389 | Lair:4   | Killed baghtru's ghost
 16412 | Lair:4   | Received a gift from Okawaru
 17071 | Lair:5   | Reached skill level 15 in Shields
 17395 | Lair:5   | Found a viscous altar of Jiyva.
 17396 | Lair:5   | Found a staircase to the Slime Pits.
 17507 | Lair:6   | Entered Level 6 of the Lair of Beasts
 17562 | Lair:6   | Noticed Rupert
 17585 | Lair:5   | Killed Rupert
 17585 | Lair:5   | Reached XP level 14. HP: 126/126 MP: 12/15
 17751 | Lair:6   | Received a gift from Okawaru
 18254 | Lair:6   | Identified a ring of the Octopus King {rF+ AC+1 EV+1 Str+1 Int+1 Dex+1} (You took it off a spriggan on level 3 of the Lair of Beasts)
 18417 | Lair:6   | Reached skill level 16 in Shields
 19161 | Lair:6   | Received a gift from Okawaru
 19977 | D:14     | Received a gift from Okawaru
 19983 | D:14     | Reached skill level 17 in Shields
 20213 | D:14     | Reached XP level 15. HP: 122/136 MP: 16/16
 20227 | D:14     | Found a gate to the Vaults.
 20459 | D:14     | Identified a scroll of acquirement
 20836 | D:15     | Entered Level 15 of the Dungeon
 21105 | D:15     | Reached skill level 18 in Shields
 21132 | D:15     | Received a gift from Okawaru
 21156 | D:15     | Found a staircase to the Depths.
 22007 | Orc:1    | Entered Level 1 of the Orcish Mines
 22008 | Orc:1    | Noticed Snorg
 22031 | D:10     | Killed Snorg
 22807 | Orc:2    | Entered Level 2 of the Orcish Mines
 23232 | Orc:2    | Found a staircase to the Elven Halls.
 23448 | Orc:2    | Noticed RaHiT's ghost (journeyman MfTm)
 23471 | Orc:2    | Killed RaHiT's ghost
 23490 | Orc:2    | Received a gift from Okawaru
 23669 | Orc:1    | You fall through a shaft!
 23783 | Orc:2    | Found Hyqog's Book Shop.
 23783 | Orc:2    | Found Veiloquj's Book Emporium.
 23785 | Orc:2    | Found Purait's Antique Armour Shoppe.
 23787 | Orc:2    | Found Meoff's General Store.
 23794 | Orc:2    | Bought a steaming plate armour for 700 gold pieces
 23810 | Orc:2    | Identified the cursed +0 plate armour of Charity {*Corrode rC+++ Regen+ Str-4} (You bought it in a shop on level 2 of the Orcish Mines)
 23825 | Orc:2    | Bought a slimy chain mail for 237 gold pieces
 23831 | Orc:2    | Identified the +3 chain mail "Cegoej" {rN+ MR+} (You bought it in a shop on level 2 of the Orcish Mines)
 23845 | Orc:2    | Bought a scroll of enchant armour for 90 gold pieces
 23880 | Orc:2    | Bought a shiny shield for 187 gold pieces
 24159 | Orc:1    | Reached skill level 19 in Shields
 24688 | Spider:1 | Entered Level 1 of the Spider Nest
 24819 | Spider:1 | Reached XP level 16. HP: 89/147 MP: 18/18
 25385 | Spider:1 | Received a gift from Okawaru
 25972 | Spider:2 | Noticed Azrael
 25990 | Spider:2 | Killed Azrael
 26079 | Spider:2 | Noticed Arachne
 26080 | Spider:2 | Noticed Agnes
 26420 | Spider:2 | Received a gift from Okawaru
 26457 | Spider:1 | Killed Agnes
 26670 | Spider:2 | Reached skill level 20 in Shields
 26735 | Spider:2 | Got fine quicksilver dragon scales {god gift}
 26746 | Spider:2 | Identified the quicksilver dragon scales of the Hart {rElec rF+ MR+ Dex+2} (Okawaru gifted it to you on level 2 of the Spider Nest)
 26773 | Spider:2 | Reached skill level 15 in Fighting
 27107 | Spider:2 | Killed Arachne
 29044 | Spider:3 | Reached skill level 15 in Armour
 29132 | Spider:3 | Received a gift from Okawaru
 29142 | Spider:3 | Got an ebony scimitar {god gift}
 29152 | Spider:3 | Identified the +5 scimitar of Fortitude {slice, Str+5} (Okawaru gifted it to you on level 3 of the Spider Nest)
 29534 | Spider:3 | Reached XP level 17. HP: 153/156 MP: 19/19
 29688 | Spider:4 | Entered Level 4 of the Spider Nest
 29966 | Spider:4 | Reached skill level 21 in Shields
 30132 | Spider:4 | Received a gift from Okawaru
 30601 | Spider:4 | Received a gift from Okawaru
 31092 | Spider:4 | Got a gossamer rune of Zot
 31429 | Shoals:1 | Entered Level 1 of the Shoals
 31620 | Shoals:1 | Reached skill level 22 in Shields
 31668 | Shoals:1 | Received a gift from Okawaru
 32580 | Shoals:2 | Received a gift from Okawaru
 32586 | Shoals:2 | Got a brightly glowing scimitar {god gift}
 32587 | Shoals:2 | Identified the +8 scimitar of Sloth {slice, +Blink rF+} (Okawaru gifted it to you on level 2 of the Shoals)
 32618 | Shoals:2 | Noticed Polyphemus
 32650 | Shoals:2 | Killed Polyphemus
 33525 | Shoals:3 | Reached XP level 18. HP: 162/166 MP: 20/20
 34013 | Shoals:3 | Noticed Xenophilius's ghost (adept FoFi)
 34040 | Shoals:3 | Killed Xenophilius's ghost
 34040 | Shoals:3 | Received a gift from Okawaru
 34275 | Shoals:4 | Entered Level 4 of the Shoals
 34275 | Shoals:4 | Found a runed door.
 34746 | Shoals:4 | Received a gift from Okawaru
 34749 | Shoals:4 | Got a bloodstained hand crossbow {god gift}
 34924 | Shoals:4 | Got a polished plate armour
 34973 | Shoals:4 | Reached skill level 23 in Shields
 35091 | Shoals:4 | Identified the +3 plate armour of Elyvilon's Castigation {Str+3 Slay-6 SInv} (You found it on level 4 of the Shoals)
 35336 | Shoals:4 | Identified the Grimoire of Clay and Shape Shifting
 35518 | Shoals:4 | Received a gift from Okawaru
 35997 | Shoals:4 | Got a barnacled rune of Zot
 36527 | Shoals:4 | Noticed Ilsuiw
 36845 | Shoals:4 | Killed Ilsuiw
 36845 | Shoals:4 | Received a gift from Okawaru
 36868 | Shoals:4 | Got a pair of crude boots {god gift}
 36888 | Shoals:4 | Identified the +0 pair of boots of Foiluif {rCorr Slay+3} (Okawaru gifted it to you on level 4 of the Shoals)
 37912 | Vaults:1 | Entered Level 1 of the Vaults
 37921 | Vaults:1 | Reached skill level 1 in Evocations
 38093 | Vaults:1 | Noticed Donald
 38109 | Vaults:1 | Killed Donald
 38380 | Vaults:1 | Reached skill level 24 in Shields
 38506 | Vaults:1 | Reached XP level 19. HP: 177/177 MP: 21/21
 38763 | Vaults:1 | Received a gift from Okawaru
 39642 | Vaults:2 | Received a gift from Okawaru
 40152 | Vaults:2 | Noticed Sojobo
 40165 | Vaults:2 | Killed Sojobo
 40165 | Vaults:2 | Received a gift from Okawaru
 40165 | Vaults:2 | Reached skill level 25 in Shields
 40631 | Vaults:2 | Received a gift from Okawaru
 40689 | Vaults:2 | Reached XP level 20. HP: 188/188 MP: 22/22
 40974 | Vaults:2 | Noticed Aizul
 40986 | Vaults:2 | Killed Aizul
 41069 | Vaults:2 | Noticed Frederick
 41082 | Vaults:2 | Killed Frederick
 41082 | Vaults:2 | Received a gift from Okawaru
 41741 | Vaults:2 | Paralysed by a great orb of eyes for 6 turns
 41763 | Vaults:2 | Received a gift from Okawaru
 41969 | Vaults:3 | Reached skill level 26 in Shields
 42069 | Vaults:3 | Found a ruined gateway.
 42112 | Desolati | Entered the Desolation of Salt
 42604 | Desolati | Got a translucent brass ring
 42613 | Desolati | Got a faintly glowing bronze ring
 42616 | Desolati | Identified the ring "Dyoshraf" {*Tele rN+ MR+} (You found it in the Desolation of Salt)
 42618 | Desolati | Identified the ring "Somaomag" {rCorr rF- rC+ Str+3 Dex+4} (You found it in the Desolation of Salt)
 42748 | Desolati | Received a gift from Okawaru
 43138 | Desolati | Identified Aprenemn's Volume of Harmful Shape Shifting
 43159 | Desolati | Got a crude ivory ring
 43203 | Desolati | Got a crude mace
 43534 | Desolati | Reached XP level 21. HP: 198/198 MP: 23/23
 43800 | Desolati | Got a coiled bronze amulet
 43811 | Desolati | Identified the amulet "Gaocy" {Fragile +Rage rPois MP+9 Str-2} (You found it in the Desolation of Salt)
 43813 | Desolati | Identified the ring of Voviam {*Drain +Blink rC+ MR+++} (You took it off a servant of whispers in the Desolation of Salt)
 44110 | Vaults:3 | Received a gift from Okawaru
 44348 | Vaults:3 | Found a staircase to the Crypt.
 44348 | Vaults:3 | Found an ancient bone altar of Kikubaaqudgha.
 44349 | Vaults:3 | Found a basalt altar of Yredelemnul.
 45623 | Elf:1    | Entered Level 1 of the Elven Halls
 45873 | Elf:1    | Received a gift from Okawaru
 45899 | Elf:1    | Reached skill level 27 in Shields
 45911 | Elf:1    | Found a bloodstained altar of Trog.
 46393 | Elf:1    | Noticed Kirke
 46407 | Elf:1    | Killed Kirke
 46779 | Elf:1    | Found a transporter.
 46881 | Elf:1    | Found a transporter.
 46945 | Elf:1    | Got a clouded ivory ring
 46946 | Elf:1    | Identified the ring "Ekhul" {Wiz +Fly Str+3} (You found it on level 1 of the Elven Halls)
 47056 | Elf:1    | Found Hairuzur's Food Boutique.
 47142 | Elf:2    | Found Siustyxkie's Antique Armour Emporium.
 47186 | Elf:2    | Found a magical portal.
 47226 | WizLab   | Entered Zonguldrok's Shrine
 47287 | WizLab   | Received a gift from Okawaru
 47481 | WizLab   | Noticed an antique lich
 47494 | WizLab   | Killed an antique lich
 47861 | Elf:2    | Noticed Roxanne
 47886 | Elf:2    | Killed Roxanne
 47887 | Elf:2    | Identified Roxanne's Compendium of Moulding (You took it off Roxanne on level 2 of the Elven Halls)
 47917 | Elf:2    | Found Sataz's Food Emporium.
 47934 | Elf:2    | Found Ozixe's Book Shop.
 47961 | Elf:2    | Found Loapodytre's Food Shop.
 48444 | Elf:2    | Found a runed gate.
 48445 | Elf:2    | Found a runed gate.
 48448 | Elf:2    | Found a runed gate.
 48525 | Elf:2    | Received a gift from Okawaru
 48602 | Elf:2    | Found Xonoff's Assorted Antiques.
 48607 | Elf:2    | Bought a scroll of identify for 40 gold pieces
 48607 | Elf:2    | Bought a scroll of enchant weapon for 150 gold pieces
 48607 | Elf:2    | Bought a scroll of fear for 70 gold pieces
 48607 | Elf:2    | Bought a scroll of fear for 70 gold pieces
 48661 | Elf:2    | Noticed Jorgrun
 48676 | Elf:2    | Killed Jorgrun
 48679 | Elf:2    | Reached XP level 22. HP: 211/211 MP: 24/24
 49357 | Elf:3    | Entered Level 3 of the Elven Halls
 50035 | Elf:3    | HP: 9/211 [deep elf knight/shard of ice (18)]
 50035 | Elf:3    | HP: 1/211 [deep elf annihilator/poison arrow (8)]
 50042 | Elf:3    | Killed from afar by a deep elf annihilator

Skill      XL: |  1  2  3  4  5  6  7  8  9 10 11 12 13 14 15 16 17 18 19 20 21 22 |
---------------+-------------------------------------------------------------------+-----
Armour         | 4 5 6 7 9 10 11 12 13 14 15 16 17 18 19 | 19.3
Fighting       | 4 5 6 7 8 9 10 12 13 14 15 16 17 18 19 20 | 20.9
Long Blades    | 3 4 5 6 7 9 10 12 13 14 15 16 17 18 19 20 21 | 21.6
Shields        | 4 5 6 7 8 10 11 13 15 17 19 20 22 24 25 26 27 | 27.0
Dodging        | 1 2 |  2.2
Stealth        | 1 2 3 4 |  4.9
Invocations    | 3 4 |  4.4
Evocations     | 1 |  1.5

Action                   |  1- 3 |  4- 6 |  7- 9 | 10-12 | 13-15 | 16-18 | 19-21 | 22-24 || total
-------------------------+-------+-------+-------+-------+-------+-------+-------+-------++-------
Melee: Long sword        |   110 |   153 |   365 |   640 |  1909 |   165 |    31 |       ||  3373
       Headbutt          |    18 |    23 |    91 |   213 |   611 |   600 |   543 |    42 ||  2141
       Falchion          |       |       |       |    70 |       |       |       |       ||    70
       Demon blade       |       |       |       |       |       |   487 |       |       ||   487
       Scimitar          |       |       |       |       |       |  1291 |  1480 |   162 ||  2933
Invok: Heroism           |       |       |       |     6 |     7 |     3 |     2 |       ||    18
       Finesse           |       |       |       |     3 |     2 |     1 |       |       ||     6
Evoke: Wand              |       |       |       |     2 |     2 |     5 |     2 |       ||    11
  Use: Scroll            |       |    12 |    11 |    10 |     6 |     9 |     6 |     1 ||    55
       Potion            |       |       |     2 |     2 |     2 |     4 |     2 |     4 ||    16
 Stab: Paralysed         |       |       |     6 |    11 |       |       |       |       ||    17
       Confused          |       |       |     2 |     3 |     2 |       |       |       ||     7
       Distracted        |       |       |       |       |     1 |       |       |       ||     1
  Eat: Chunk             |     2 |     5 |    15 |    23 |    33 |    43 |    29 |     3 ||   153
       Fruit             |       |     2 |     4 |     1 |     2 |     5 |     6 |       ||    20
Armor: Scale mail        |    38 |    51 |       |       |       |       |       |       ||    89
       Chain mail        |       |    22 |    48 |       |       |       |       |       ||    70
       Crystal plate arm |       |       |   184 |   414 |  1076 |  1465 |   757 |    97 ||  3993
       Quicksilver drago |       |       |       |       |       |    20 |       |       ||    20
Dodge: Dodged            |    23 |    38 |    48 |   150 |   513 |   608 |   374 |    42 ||  1796
Block: Shield            |    63 |    76 |   198 |   367 |  1906 |  2451 |  1543 |   196 ||  6800
       Rpst.: Long sword |     3 |    10 |    18 |    38 |    99 |    18 |     1 |       ||   187
       Falchion          |       |       |       |     4 |       |       |       |       ||     4
       Demon blade       |       |       |       |       |       |    35 |       |       ||    35
       Scimitar          |       |       |       |       |       |    66 |    69 |    14 ||   149
